Toronto Maple Leafs vs Anaheim Ducks

Created - Sunday, October 12, 2025 at 09:14

Goals
1 2 3 T
Toronto Maple Leafs 2 1 2 5
Anaheim Ducks 2 1 0 3
Shots
1 2 3 T
Toronto Maple Leafs 12 11 19 42
Anaheim Ducks 15 8 13 36

1st period

1. Anaheim Ducks , Mark Scheifele 19 (Kevin Bahl 6, Mason Marchment 22) at 3:08
2. Toronto Maple Leafs , Warren Foegele 25 (Sam Bennett 43, Frederik Andersen) at 5:51 (PP)
3. Anaheim Ducks , Alex Killorn 13 (Chandler Stephenson 18, Will Cuylle 8) at 6:52
4. Toronto Maple Leafs , Nicolas Roy 6 (Brandon Saad 9) at 13:11

Penalties :
Kevin Bahl (ANA) for Hooking (Minor) at 5:15, Joshua Morrissey (ANA) for Cross-checking (Minor) at 16:02

2nd period

5. Anaheim Ducks , Mason Marchment 17 (Mark Scheifele 38, Brayden Schenn 24) at 5:29
6. Toronto Maple Leafs , Ryan Pulock 2 (Sam Bennett 44, Troy Terry 41) at 13:38 (PP)

Penalties :
Bowen Byram (TOR) for Tripping (Minor) at 1:37, Mario Ferraro (TOR) for Interference (Minor) at 7:35, Brayden Schenn (ANA) for Cross-checking (Minor) at 13:25

3rd period

7. Toronto Maple Leafs , Troy Terry 33 (Aaron Ekblad 15, Warren Foegele 27) at 0:28
8. Toronto Maple Leafs , Nicolas Roy 7 (Aaron Ekblad 16, Brandon Saad 10) at 2:07

Penalties :
No Penalty

Goalie Stats

Frederik Andersen (TOR), 33 saves from 36 shots - (0.917), W, 14-5-3, 60:00 minutes
James Reimer (ANA), 37 saves from 42 shots - (0.881), L, 4-9-1, 60:00 minutes

Players Stats for Toronto Maple Leafs

Player Name              G  A  P  +/- PIM S  H  SB GA TA FO     MP     PP MP  PK MP  
------------------------------------------------------------------------------------
Aaron Ekblad             0  2  2   2  0   4  1  2  0  1  0/0    25:17   1:47   1:39 
Andrew Mangiapane        0  0  0   0  0   2  0  0  1  0  0/0     9:12   0:00   0:00 
Bowen Byram              0  0  0  -1  2   2  0  0  0  1  0/0    16:07   0:03   0:40 
Brady Tkachuk            0  0  0  -1  0   1  1  0  2  0  0/0    17:21   1:21   1:58 
Brandon Saad             0  2  2   0  0   4  0  0  1  0  0/0    15:01   0:43   0:00 
Cody Ceci                0  0  0   2  0   3  1  2  0  0  0/0    25:17   1:47   1:39 
Mackie Samoskevich       0  0  0   0  0   2  1  0  1  1  0/0     9:35   0:23   0:00 
Mario Ferraro            0  0  0  -1  2   1  3  1  0  0  0/0    18:12   0:58   0:55 
Nick Bjugstad            0  0  0   0  0   1  1  0  0  0  3/7    10:18   0:43   0:00 
Nicolas Roy              2  0  2   0  0   3  2  0  1  1  0/1    14:36   0:13   0:00 
Quinton Byfield          0  0  0  -1  0   1  2  0  1  0  0/1    17:01   1:21   2:00 
Ryan Pulock              1  0  1  -1  0   2  0  1  0  0  0/0    19:15   0:58   2:19 
Sam Bennett              0  2  2   1  0   2  2  1  1  1  7/16   17:55   0:31   2:00 
Sam Malinski             0  0  0  -1  0   1  0  1  0  0  0/0    16:12   0:03   0:44 
Scott Laughton           0  0  0   0  0   1  0  1  0  0  1/7    14:56   0:33   0:00 
Troy Terry               1  1  2   1  0   6  1  0  0  0  0/0    16:10   0:44   0:00 
Warren Foegele           1  1  2   1  0   3  1  0  0  0  0/1    15:55   0:31   0:00 
Wyatt Johnston           0  0  0  -1  0   3  2  2  0  0  11/20  17:40   1:21   1:58 

Players Stats for Anaheim Ducks

Player Name              G  A  P  +/- PIM S  H  SB GA TA FO     MP     PP MP  PK MP  
------------------------------------------------------------------------------------
Alex Killorn             1  0  1   1  0   4  1  1  0  1  0/0    14:12   0:00   1:35 
Brayden Schenn           0  1  1   0  2   1  2  0  0  1  1/1    19:25   1:59   1:02 
Brenden Dillon           0  0  0   0  0   1  0  2  0  0  0/0    18:28   0:00   2:04 
Chandler Stephenson      0  1  1   1  0   4  1  0  0  0  4/7    13:49   0:00   1:35 
Esa Lindell              0  0  0   0  0   0  0  1  0  1  0/0    22:59   1:56   1:24 
Ivan Provorov            0  0  0   0  0   0  0  4  1  1  0/0    19:41   1:56   0:29 
J.T. Compher             0  0  0   0  0   1  0  0  0  0  2/2     9:49   0:00   1:07 
John Tavares             0  0  0  -1  0   1  2  0  0  0  9/18   17:47   1:59   0:06 
Jonny Brodzinski         0  0  0   0  0   0  0  0  0  0  0/0     8:30   0:00   0:00 
Joshua Morrissey         0  0  0   0  2   3  0  0  1  0  0/0    21:39   2:02   0:00 
Kevin Bahl               0  1  1   0  2   1  3  1  0  1  0/0    17:25   0:00   0:44 
Mark Scheifele           1  1  2   0  0   5  1  1  0  1  10/18  18:38   1:59   0:00 
Mason Marchment          1  1  2   0  0   7  0  1  1  0  1/1    18:36   1:59   0:00 
Nazem Kadri              0  0  0  -1  0   2  3  0  0  0  3/3    18:04   1:59   0:11 
Parker Kelly             0  0  0   0  0   1  1  0  0  1  0/0     8:16   0:00   0:00 
Philip Broberg           0  0  0   0  0   1  0  1  1  0  0/0    19:49   2:02   0:55 
Will Cuylle              0  1  1   1  0   1  0  0  0  1  0/1    12:14   0:00   0:00 
William Nylander         0  0  0  -1  0   3  0  1  1  0  1/2    17:48   1:59   0:00 

3 Stars

1 - Nicolas Roy (TOR)
2 - Warren Foegele (TOR)
3 - Troy Terry (TOR)

Power Play

Toronto Maple Leafs - 2 on 3 Attempt(s) - 66.67%
Anaheim Ducks - 0 on 2 Attempt(s) - 0.00%

Penalty Kill

Toronto Maple Leafs - 2 on 2 Attempt(s) - 100.00% - Score 0 goal in Penalty Kill
Anaheim Ducks - 1 on 3 Attempt(s) - 33.33% - Score 0 goal in Penalty Kill

Team Stat

Toronto Maple Leafs - Hits : 18 - Faceoff Wins : 22 - Blocked Shots : 11 - Penalty Minutes : 4
Anaheim Ducks - Hits : 14 - Faceoff Wins : 31 - Blocked Shots : 13 - Penalty Minutes : 6

Official

Referees : Ghislain Hebert and Trevor Hanson
Linesman : Ryan Jackson and James Tobias

Game Notes

No Game Note

Finance

Level 1 -- Attendance: 4260 (71.00%) -- Ticket Income $426,000
Level 2 -- Attendance: 3792 (75.84%) -- Ticket Income $227,520
Level 3 -- Attendance: 2130 (71.00%) -- Ticket Income $97,980
Level 4 -- Attendance: 3550 (71.00%) -- Ticket Income $88,750
Luxury Box -- Attendance: 710 (71.00%) -- Ticket Income $142,000
Game was played at the Honda Center.
Total Attendance: 14442 (72.21%)
Total Ticket Income: $982,250
Other Income: $343,788
Total Income: $1,326,038

Toronto Maple Leafs

5 vs 5 Forward 
   Center                   Left Wing                Right Wing               Time % Phy DF OF 
 1 Wyatt Johnston           Brady Tkachuk            Quinton Byfield          30     1   2  2  
 2 Sam Bennett              Troy Terry               Warren Foegele           30     1   2  2  
 3 Scott Laughton           Brandon Saad             Nicolas Roy              25     1   2  2  
 4 Nick Bjugstad            Andrew Mangiapane        Mackie Samoskevich       15     1   2  2  

5 vs 5 Defense 
   Defense                  Defense                                           Time % Phy DF OF 
 1 Aaron Ekblad             Cody Ceci                                         30     1   2  2  
 2 Ryan Pulock              Mario Ferraro                                     30     1   2  2  
 3 Bowen Byram              Sam Malinski                                      25     1   2  2  
 4 Aaron Ekblad             Cody Ceci                                         15     1   2  2  

PowerPlay Forward 
   Center                   Left Wing                Right Wing               Time % Phy DF OF 
 1 Wyatt Johnston           Brady Tkachuk            Quinton Byfield          50     1   2  2  
 2 Sam Bennett              Troy Terry               Warren Foegele           50     1   2  2  

PowerPlay Defense
   Defense                  Defense                                           Time % Phy DF OF 
 1 Aaron Ekblad             Cody Ceci                                         50     1   2  2  
 2 Ryan Pulock              Mario Ferraro                                     50     1   2  2  

Penalty Kill 4 Players Forward 
   Center                   Wing                     Time % Phy DF OF 
 1 Wyatt Johnston           Brady Tkachuk            50     1   2  2  
 2 Quinton Byfield          Sam Bennett              50     1   2  2  

Penalty Kill 4 Players Defense
   Defense                  Defense                  Time % Phy DF OF 
 1 Aaron Ekblad             Cody Ceci                50     1   2  2  
 2 Ryan Pulock              Mario Ferraro            50     1   2  2  

Penalty Kill - 3 Players Forward 
   Forward                                           Time % Phy DF OF 
 1 Wyatt Johnston                                    50     1   2  2  
 2 Brady Tkachuk                                     50     1   2  2  

Penalty Kill - 3 Players Defense
   Defense                  Defense                  Time % Phy DF OF 
 1 Aaron Ekblad             Cody Ceci                50     1   2  2  
 2 Ryan Pulock              Mario Ferraro            50     1   2  2  

4 vs 4 Forward 
   Center                   Wing                     Time % Phy DF OF 
 1 Wyatt Johnston           Brady Tkachuk            50     1   2  2  
 2 Quinton Byfield          Sam Bennett              50     1   2  2  

4 vs 4 Defense
   Defense                  Defense                  Time % Phy DF OF 
 1 Aaron Ekblad             Cody Ceci                50     1   2  2  
 2 Ryan Pulock              Mario Ferraro            50     1   2  2  

Last Minutes Offensive
   Center                   Left Wing                Right Wing               Defense                  Defense                  
   Wyatt Johnston           Brady Tkachuk            Quinton Byfield          Aaron Ekblad             Cody Ceci                

Last Minutes Defensive
   Center                   Left Wing                Right Wing               Defense                  Defense                  
   Wyatt Johnston           Brady Tkachuk            Quinton Byfield          Aaron Ekblad             Cody Ceci                

Goaltenders
Starting : Frederik Andersen        
Backup : Garin Bjorklund          

Extra Forwards
Normal : Nick Bjugstad, Scott Laughton, Nicolas Roy - PP : Nick Bjugstad, Scott Laughton - PK : Nicolas Roy
Extra Defensemen
Normal : Bowen Byram, Sam Malinski, Ryan Pulock - PP : Bowen Byram - PK : Sam Malinski, Ryan Pulock
Penalty Shots
Wyatt Johnston, Brady Tkachuk, Quinton Byfield, Sam Bennett, Troy Terry

Scratches
P.O. Joseph (Healthy), Lucas Carlsson (Healthy), Connor Dewar (Healthy), Joonas Korpisalo (Healthy)

Anaheim Ducks

5 vs 5 Forward 
   Center                   Left Wing                Right Wing               Time % Phy DF OF 
 1 Mark Scheifele           Mason Marchment          Brayden Schenn           35     1   2  2  
 2 John Tavares             Nazem Kadri              William Nylander         35     1   2  2  
 3 Chandler Stephenson      Will Cuylle              Alex Killorn             20     1   2  2  
 4 J.T. Compher             Parker Kelly             Jonny Brodzinski         10     1   2  2  

5 vs 5 Defense 
   Defense                  Defense                                           Time % Phy DF OF 
 1 Esa Lindell              Joshua Morrissey                                  36     1   2  2  
 2 Ivan Provorov            Philip Broberg                                    33     1   2  2  
 3 Kevin Bahl               Brenden Dillon                                    31     1   2  2  
 4 Esa Lindell              Ivan Provorov                                     0      1   2  2  

PowerPlay Forward 
   Center                   Left Wing                Right Wing               Time % Phy DF OF 
 1 Mark Scheifele           Brayden Schenn           William Nylander         50     1   1  3  
 2 Nazem Kadri              John Tavares             Mason Marchment          50     1   1  3  

PowerPlay Defense
   Defense                  Defense                                           Time % Phy DF OF 
 1 Joshua Morrissey         Philip Broberg                                    60     1   2  2  
 2 Ivan Provorov            Esa Lindell                                       40     1   2  2  

Penalty Kill 4 Players Forward 
   Center                   Wing                     Time % Phy DF OF 
 1 Chandler Stephenson      Alex Killorn             60     1   3  1  
 2 J.T. Compher             Brayden Schenn           40     1   3  1  

Penalty Kill 4 Players Defense
   Defense                  Defense                  Time % Phy DF OF 
 1 Esa Lindell              Ivan Provorov            60     1   4  0  
 2 Brenden Dillon           Philip Broberg           40     1   4  0  

Penalty Kill - 3 Players Forward 
   Forward                                           Time % Phy DF OF 
 1 Chandler Stephenson                               60     1   4  0  
 2 Alex Killorn                                      40     1   4  0  

Penalty Kill - 3 Players Defense
   Defense                  Defense                  Time % Phy DF OF 
 1 Esa Lindell              Ivan Provorov            60     1   4  0  
 2 Brenden Dillon           Philip Broberg           40     1   4  0  

4 vs 4 Forward 
   Center                   Wing                     Time % Phy DF OF 
 1 Chandler Stephenson      William Nylander         60     1   2  2  
 2 Mark Scheifele           Nazem Kadri              40     1   2  2  

4 vs 4 Defense
   Defense                  Defense                  Time % Phy DF OF 
 1 Esa Lindell              Joshua Morrissey         60     1   2  2  
 2 Brenden Dillon           Ivan Provorov            40     1   2  2  

Last Minutes Offensive
   Center                   Left Wing                Right Wing               Defense                  Defense                  
   Mark Scheifele           Brayden Schenn           William Nylander         Philip Broberg           Joshua Morrissey         

Last Minutes Defensive
   Center                   Left Wing                Right Wing               Defense                  Defense                  
   Chandler Stephenson      Alex Killorn             Brayden Schenn           Ivan Provorov            Esa Lindell              

Goaltenders
Starting : James Reimer             
Backup : Linus Ullmark            

Extra Forwards
Normal : William Nylander, Mark Scheifele, Nazem Kadri - PP : William Nylander, Nazem Kadri - PK : Chandler Stephenson
Extra Defensemen
Normal : Esa Lindell, Ivan Provorov, Brenden Dillon - PP : Joshua Morrissey - PK : Esa Lindell, Ivan Provorov
Penalty Shots
Chandler Stephenson, Mark Scheifele, Brayden Schenn, Alex Killorn, William Nylander

Scratches
Morgan Rielly (Healthy)

% Time on Ice - Toronto Maple Leafs

Lines # - Real PCT - Wanted PCT - Time Play
Normal Forward
1 - 26% - 30% - 14:02
2 - 30% - 30% - 15:55
3 - 26% - 25% - 14:05
4 - 17% - 15% - 9:12
Normal Defense
1 - 28% - 30% - 15:07
2 - 31% - 30% - 16:39
3 - 28% - 25% - 14:44
4 - 13% - 15% - 6:44
PP Forward
1 - 69% - 50% - 1:56
2 - 31% - 50% - 0:52
PP Defense
1 - 64% - 50% - 1:47
2 - 36% - 50% - 1:01
PK Forward
1 - 50% - 50% - 1:58
2 - 50% - 50% - 2:00
PK Defense
1 - 42% - 50% - 1:39
2 - 58% - 50% - 2:19
PK3 Forward
1 - 0% - 50%
2 - 0% - 50%
PK3 Defense
1 - 0% - 50%
2 - 0% - 50%
44 Forward
1 - 0% - 50%
2 - 0% - 50%
44 Defense
1 - 0% - 50%
2 - 0% - 50%
Last Minute Offensive  - 0:00
Last Minute Defensive  - 0:00
Total
Forward - 60:00
Defense - 60:00

% Time on Ice - Anaheim Ducks

Lines # - Real PCT - Wanted PCT - Time Play
Normal Forward
1 - 32% - 35% - 17:05
2 - 29% - 35% - 15:39
3 - 23% - 20% - 12:14
4 - 16% - 10% - 8:16
Normal Defense
1 - 38% - 36% - 20:01
2 - 32% - 33% - 17:16
3 - 30% - 31% - 15:57
4 - 0% - 0% - 0:00
PP Forward
1 - 50% - 50% - 1:59
2 - 50% - 50% - 1:59
PP Defense
1 - 51% - 60% - 2:02
2 - 49% - 40% - 1:56
PK Forward
1 - 83% - 60% - 2:20
2 - 17% - 40% - 0:28
PK Defense
1 - 50% - 60% - 1:24
2 - 50% - 40% - 1:24
PK3 Forward
1 - 0% - 60%
2 - 0% - 40%
PK3 Defense
1 - 0% - 60%
2 - 0% - 40%
44 Forward
1 - 0% - 60%
2 - 0% - 40%
44 Defense
1 - 0% - 60%
2 - 0% - 40%
Last Minute Offensive  - 0:00
Last Minute Defensive  - 0:00
Total
Forward - 60:00
Defense - 60:00

Play-by-Play

1st period


0:01 of 1st period - Wyatt Johnston wins face-off versus Mark Scheifele in neutral zone.
0:12 of 1st period - Snap shot by Brayden Schenn.
0:12 of 1st period - Shot Misses the Net.
0:16 of 1st period - Slapshot by Mark Scheifele.
0:16 of 1st period - Shot Misses the Net.
0:26 of 1st period - Esa Lindell is hit by Aaron Ekblad and loses puck.
1:31 of 1st period - Brady Tkachuk is hit by Brayden Schenn and loses puck.
3:04 of 1st period - Slapshot by Mark Scheifele.
3:04 of 1st period - Shot Blocked by Aaron Ekblad.
3:06 of 1st period - Slapshot by Kevin Bahl.
3:06 of 1st period - Stopped by Frederik Andersen with a rebound.
3:08 of 1st period - Slapshot by Kevin Bahl.
3:08 of 1st period - Deflect By Mark Scheifele.
3:08 of 1st period - Goal by Mark Scheifele - Toronto Maple Leafs : 0 - Anaheim Ducks : 1.
3:09 of 1st period - John Tavares wins face-off versus Nicolas Roy in neutral zone.
3:11 of 1st period - Off-side.
3:12 of 1st period - Scott Laughton wins face-off versus John Tavares in neutral zone.
4:05 of 1st period - Snap shot by Sam Bennett.
4:05 of 1st period - Shot Misses the Net.
5:01 of 1st period - Joshua Morrissey is hit by Nick Bjugstad and loses puck.
5:06 of 1st period - Snap shot by Andrew Mangiapane.
5:06 of 1st period - Stopped by James Reimer without a rebound.
5:07 of 1st period - Sam Bennett wins face-off versus John Tavares in Anaheim Ducks zone.
5:15 of 1st period - Minor Penalty to Kevin Bahl for Hooking.
5:16 of 1st period - Chandler Stephenson wins face-off versus Quinton Byfield in Anaheim Ducks zone.
5:16 of 1st period - Chandler Stephenson is hit by Quinton Byfield.
5:51 of 1st period - Snap shot by Warren Foegele.
5:51 of 1st period - Goal by Warren Foegele - Toronto Maple Leafs : 1 - Anaheim Ducks : 1.
5:52 of 1st period - Mark Scheifele wins face-off versus Wyatt Johnston in neutral zone.
6:18 of 1st period - Kevin Bahl is hit by Troy Terry.
6:50 of 1st period - Snap shot by Alex Killorn.
6:50 of 1st period - Stopped by Frederik Andersen with a rebound.
6:52 of 1st period - Wrist shot by Alex Killorn.
6:52 of 1st period - Goal by Alex Killorn - Toronto Maple Leafs : 1 - Anaheim Ducks : 2.
6:53 of 1st period - Wyatt Johnston wins face-off versus Mark Scheifele in neutral zone.
6:58 of 1st period - Wrist shot by Wyatt Johnston.
6:58 of 1st period - Stopped by James Reimer with a rebound.
7:00 of 1st period - Slapshot by Aaron Ekblad.
7:00 of 1st period - Shot Misses the Net.
7:02 of 1st period - Snap shot by Aaron Ekblad.
7:02 of 1st period - Stopped by James Reimer without a rebound.
7:03 of 1st period - Mason Marchment wins face-off versus Wyatt Johnston in Anaheim Ducks zone.
7:19 of 1st period - Backhand shot by Brady Tkachuk.
7:19 of 1st period - Shot Blocked by Kevin Bahl.
7:40 of 1st period - Snap shot by Wyatt Johnston.
7:40 of 1st period - Shot Misses the Net.
7:58 of 1st period - Snap shot by Wyatt Johnston.
7:58 of 1st period - Stopped by James Reimer without a rebound.
7:59 of 1st period - Sam Bennett wins face-off versus John Tavares in Anaheim Ducks zone.
8:06 of 1st period - Snap shot by Troy Terry.
8:06 of 1st period - Stopped by James Reimer with a rebound.
8:12 of 1st period - Slapshot by Nazem Kadri.
8:12 of 1st period - Deflect By John Tavares.
8:12 of 1st period - Shot Blocked by Sam Malinski.
8:12 of 1st period - Puck is out of play.
8:13 of 1st period - John Tavares wins face-off versus Scott Laughton in Toronto Maple Leafs zone.
8:18 of 1st period - Slapshot by John Tavares.
8:18 of 1st period - Stopped by Frederik Andersen without a rebound.
8:19 of 1st period - John Tavares wins face-off versus Scott Laughton in Toronto Maple Leafs zone.
8:20 of 1st period - Slapshot by William Nylander.
8:20 of 1st period - Stopped by Frederik Andersen with a rebound.
8:22 of 1st period - Backhand shot by Philip Broberg.
8:22 of 1st period - Stopped by Frederik Andersen with a rebound.
8:24 of 1st period - Slapshot by Philip Broberg.
8:24 of 1st period - Shot Blocked by Mario Ferraro.
8:28 of 1st period - Wrist shot by John Tavares.
8:28 of 1st period - Shot Blocked by Ryan Pulock.
8:30 of 1st period - Snap shot by William Nylander.
8:30 of 1st period - Deflect By John Tavares.
8:30 of 1st period - Shot Blocked by Scott Laughton.
8:30 of 1st period - Puck is out of play.
8:31 of 1st period - Nazem Kadri wins face-off versus Nick Bjugstad in Toronto Maple Leafs zone.
8:45 of 1st period - Icing by Bowen Byram.
8:46 of 1st period - Nick Bjugstad wins face-off versus Chandler Stephenson in Toronto Maple Leafs zone.
8:51 of 1st period - Wrist shot by Chandler Stephenson.
8:51 of 1st period - Stopped by Frederik Andersen without a rebound.
8:52 of 1st period - Sam Bennett wins face-off versus Will Cuylle in Toronto Maple Leafs zone.
9:23 of 1st period - Snap shot by Nazem Kadri.
9:23 of 1st period - Stopped by Frederik Andersen with a rebound.
9:45 of 1st period - Aaron Ekblad is hit by Mark Scheifele and loses puck.
10:30 of 1st period - Snap shot by Chandler Stephenson.
10:30 of 1st period - Stopped by Frederik Andersen with a rebound.
10:32 of 1st period - Snap shot by Chandler Stephenson.
10:32 of 1st period - Shot Blocked by Cody Ceci.
10:42 of 1st period - Wrist shot by Scott Laughton.
10:42 of 1st period - Shot Misses the Net.
11:10 of 1st period - Snap shot by Wyatt Johnston.
11:10 of 1st period - Stopped by James Reimer with a rebound.
12:06 of 1st period - Wrist shot by Nazem Kadri.
12:06 of 1st period - Shot Misses the Net.
12:13 of 1st period - Wrist shot by Nicolas Roy.
12:13 of 1st period - Shot Misses the Net.
12:15 of 1st period - Snap shot by Scott Laughton.
12:15 of 1st period - Shot Misses the Net.
12:29 of 1st period - Wrist shot by Brayden Schenn.
12:29 of 1st period - Deflect By Mark Scheifele.
12:29 of 1st period - Stopped by Frederik Andersen with a rebound.
12:31 of 1st period - Snap shot by Mason Marchment.
12:31 of 1st period - Stopped by Frederik Andersen with a rebound.
12:33 of 1st period - Slapshot by Brenden Dillon.
12:33 of 1st period - Stopped by Frederik Andersen without a rebound.
12:34 of 1st period - Mark Scheifele wins face-off versus Sam Bennett in Toronto Maple Leafs zone.
12:41 of 1st period - Snap shot by Mark Scheifele.
12:41 of 1st period - Shot Misses the Net.
12:43 of 1st period - Snap shot by Brayden Schenn.
12:43 of 1st period - Shot Blocked by Sam Bennett.
13:09 of 1st period - Wrist shot by Nicolas Roy.
13:09 of 1st period - Stopped by James Reimer with a rebound.
13:11 of 1st period - Snap shot by Nicolas Roy.
13:11 of 1st period - Goal by Nicolas Roy - Toronto Maple Leafs : 2 - Anaheim Ducks : 2.
13:12 of 1st period - John Tavares wins face-off versus Sam Bennett in neutral zone.
13:21 of 1st period - Wrist shot by John Tavares.
13:21 of 1st period - Shot Misses the Net.
14:02 of 1st period - Snap shot by Troy Terry.
14:02 of 1st period - Shot Misses the Net.
14:12 of 1st period - Sam Bennett is hit by John Tavares and loses puck.
14:35 of 1st period - Philip Broberg is hit by Sam Bennett and loses puck.
14:42 of 1st period - Snap shot by Troy Terry.
14:42 of 1st period - Stopped by James Reimer with a rebound.
14:44 of 1st period - Snap shot by Sam Bennett.
14:44 of 1st period - Shot Misses the Net.
15:18 of 1st period - Snap shot by Troy Terry.
15:18 of 1st period - Stopped by James Reimer with a rebound.
15:20 of 1st period - Snap shot by Warren Foegele.
15:20 of 1st period - Stopped by James Reimer with a rebound.
15:22 of 1st period - Slapshot by Mario Ferraro.
15:22 of 1st period - Deflect By Sam Bennett.
15:22 of 1st period - Shot Blocked by Ivan Provorov.
15:22 of 1st period - Puck is out of play.
15:23 of 1st period - Wyatt Johnston wins face-off versus Mark Scheifele in Anaheim Ducks zone.
15:34 of 1st period - Snap shot by Mason Marchment.
15:34 of 1st period - Stopped by Frederik Andersen with a rebound.
15:36 of 1st period - Wrist shot by Mason Marchment.
15:36 of 1st period - Stopped by Frederik Andersen with a rebound.
15:38 of 1st period - Slapshot by Esa Lindell.
15:38 of 1st period - Shot Blocked by Cody Ceci.
15:50 of 1st period - Will Cuylle is hit by Nicolas Roy and loses puck.
15:55 of 1st period - Wrist shot by Nicolas Roy.
15:55 of 1st period - Shot Misses the Net.
16:02 of 1st period - Minor Penalty to Joshua Morrissey for Cross-checking.
16:03 of 1st period - Wyatt Johnston wins face-off versus Chandler Stephenson in Anaheim Ducks zone.
17:04 of 1st period - Nick Bjugstad is hit by Brayden Schenn and loses puck.
17:35 of 1st period - Brenden Dillon is hit by Mario Ferraro and loses puck.
18:02 of 1st period - Penalty to Joshua Morrissey is over, Joshua Morrissey is back on ice.
Goals for this period are 2 for Toronto Maple Leafs vs 2 for Anaheim Ducks.
Shots for this period are 12 for Toronto Maple Leafs vs 15 for Anaheim Ducks.

2nd period


0:01 of 2nd period - Mark Scheifele wins face-off versus Wyatt Johnston in neutral zone.
0:08 of 2nd period - Snap shot by Mark Scheifele.
0:08 of 2nd period - Stopped by Frederik Andersen with a rebound.
0:14 of 2nd period - Brayden Schenn is hit by Brady Tkachuk and loses puck.
0:33 of 2nd period - Wrist shot by Brandon Saad.
0:33 of 2nd period - Stopped by James Reimer with a rebound.
0:35 of 2nd period - Slapshot by Cody Ceci.
0:35 of 2nd period - Shot Misses the Net.
0:37 of 2nd period - Wrist shot by Brandon Saad.
0:37 of 2nd period - Stopped by James Reimer with a rebound.
0:48 of 2nd period - Off-side.
0:49 of 2nd period - Nick Bjugstad wins face-off versus John Tavares in neutral zone.
1:00 of 2nd period - Snap shot by John Tavares.
1:00 of 2nd period - Deflect By William Nylander.
1:00 of 2nd period - Stopped by Frederik Andersen without a rebound.
1:01 of 2nd period - Mark Scheifele wins face-off versus Wyatt Johnston in Toronto Maple Leafs zone.
1:35 of 2nd period - Wrist shot by Nazem Kadri.
1:35 of 2nd period - Stopped by Frederik Andersen with a rebound.
1:37 of 2nd period - Minor Penalty to Bowen Byram for Tripping.
1:38 of 2nd period - Mark Scheifele wins face-off versus Wyatt Johnston in Toronto Maple Leafs zone.
2:05 of 2nd period - Cody Ceci is hit by Nazem Kadri and loses puck.
3:37 of 2nd period - Penalty to Bowen Byram is over, Bowen Byram is back on ice.
3:52 of 2nd period - Wrist shot by Brandon Saad.
3:52 of 2nd period - Shot Blocked by Brenden Dillon.
4:11 of 2nd period - Icing by Brenden Dillon.
4:12 of 2nd period - J.T. Compher wins face-off versus Scott Laughton in Anaheim Ducks zone.
5:11 of 2nd period - Icing by Brandon Saad.
5:12 of 2nd period - Mark Scheifele wins face-off versus Scott Laughton in Toronto Maple Leafs zone.
5:29 of 2nd period - Slapshot by Mason Marchment.
5:29 of 2nd period - Goal by Mason Marchment - Toronto Maple Leafs : 2 - Anaheim Ducks : 3.
5:30 of 2nd period - Mark Scheifele wins face-off versus Wyatt Johnston in neutral zone.
5:35 of 2nd period - Wrist shot by Mark Scheifele.
5:35 of 2nd period - Shot Misses the Net.
5:47 of 2nd period - Snap shot by Mason Marchment.
5:47 of 2nd period - Stopped by Frederik Andersen without a rebound.
5:48 of 2nd period - Sam Bennett wins face-off versus John Tavares in Toronto Maple Leafs zone.
5:53 of 2nd period - Joshua Morrissey is hit by Cody Ceci and loses puck.
6:02 of 2nd period - Cody Ceci is hit by Nazem Kadri and loses puck.
6:20 of 2nd period - Snap shot by Mark Scheifele.
6:20 of 2nd period - Shot Misses the Net.
6:40 of 2nd period - Brandon Saad is hit by Chandler Stephenson and loses puck.
7:03 of 2nd period - Slapshot by Mackie Samoskevich.
7:03 of 2nd period - Shot Misses the Net.
7:05 of 2nd period - Wrist shot by Nick Bjugstad.
7:05 of 2nd period - Stopped by James Reimer with a rebound.
7:17 of 2nd period - Philip Broberg is hit by Mackie Samoskevich and loses puck.
7:35 of 2nd period - Minor Penalty to Mario Ferraro for Interference.
7:36 of 2nd period - Nazem Kadri wins face-off versus Wyatt Johnston in Toronto Maple Leafs zone.
7:50 of 2nd period - Ryan Pulock is hit by John Tavares and loses puck.
8:08 of 2nd period - Wrist shot by Brady Tkachuk.
8:08 of 2nd period - Stopped by James Reimer with a rebound.
9:35 of 2nd period - Penalty to Mario Ferraro is over, Mario Ferraro is back on ice.
11:10 of 2nd period - Mario Ferraro is hit by Nazem Kadri and loses puck.
11:49 of 2nd period - Wrist shot by Scott Laughton.
11:49 of 2nd period - Shot Blocked by Ivan Provorov.
11:52 of 2nd period - Icing by Nazem Kadri.
11:53 of 2nd period - Wyatt Johnston wins face-off versus John Tavares in Anaheim Ducks zone.
12:22 of 2nd period - Wrist shot by Quinton Byfield.
12:22 of 2nd period - Stopped by James Reimer with a rebound.
12:24 of 2nd period - Slapshot by Sam Malinski.
12:24 of 2nd period - Stopped by James Reimer with a rebound.
12:26 of 2nd period - Slapshot by Bowen Byram.
12:26 of 2nd period - Shot Misses the Net.
12:30 of 2nd period - Wrist shot by Quinton Byfield.
12:30 of 2nd period - Shot Blocked by Alex Killorn.
12:52 of 2nd period - Snap shot by Chandler Stephenson.
12:52 of 2nd period - Shot Misses the Net.
13:20 of 2nd period - Wrist shot by Wyatt Johnston.
13:20 of 2nd period - Shot Misses the Net.
13:22 of 2nd period - Slapshot by Bowen Byram.
13:22 of 2nd period - Stopped by James Reimer without a rebound.
13:23 of 2nd period - Mark Scheifele wins face-off versus Sam Bennett in Anaheim Ducks zone.
13:25 of 2nd period - Minor Penalty to Brayden Schenn for Cross-checking.
13:26 of 2nd period - Chandler Stephenson wins face-off versus Sam Bennett in Anaheim Ducks zone.
13:38 of 2nd period - Slapshot by Ryan Pulock.
13:38 of 2nd period - Goal by Ryan Pulock - Toronto Maple Leafs : 3 - Anaheim Ducks : 3.
13:39 of 2nd period - Sam Bennett wins face-off versus Mark Scheifele in neutral zone.
14:35 of 2nd period - Snap shot by Will Cuylle.
14:35 of 2nd period - Stopped by Frederik Andersen with a rebound.
14:53 of 2nd period - Slapshot by Andrew Mangiapane.
14:53 of 2nd period - Stopped by James Reimer with a rebound.
15:57 of 2nd period - Nazem Kadri is hit by Quinton Byfield and loses puck.
16:02 of 2nd period - Snap shot by Quinton Byfield.
16:02 of 2nd period - Shot Misses the Net.
16:04 of 2nd period - Snap shot by Bowen Byram.
16:04 of 2nd period - Stopped by James Reimer with a rebound.
16:06 of 2nd period - Slapshot by Bowen Byram.
16:06 of 2nd period - Shot Blocked by Philip Broberg.
17:01 of 2nd period - Snap shot by Mark Scheifele.
17:01 of 2nd period - Deflect By Mason Marchment.
17:01 of 2nd period - Stopped by Frederik Andersen with a rebound.
17:07 of 2nd period - Snap shot by Brandon Saad.
17:07 of 2nd period - Stopped by James Reimer without a rebound.
17:08 of 2nd period - William Nylander wins face-off versus Warren Foegele in Anaheim Ducks zone.
17:33 of 2nd period - Cody Ceci is hit by Kevin Bahl and loses puck.
17:38 of 2nd period - Backhand shot by Mark Scheifele.
17:38 of 2nd period - Stopped by Frederik Andersen with a rebound.
18:42 of 2nd period - Off-side.
18:43 of 2nd period - Mark Scheifele wins face-off versus Sam Bennett in neutral zone.
19:12 of 2nd period - Off-side.
19:13 of 2nd period - Wyatt Johnston wins face-off versus John Tavares in neutral zone.
19:40 of 2nd period - Scott Laughton is hit by Alex Killorn and loses puck.
19:44 of 2nd period - Icing by Brandon Saad.
19:45 of 2nd period - Chandler Stephenson wins face-off versus Scott Laughton in Toronto Maple Leafs zone.
Goals for this period are 1 for Toronto Maple Leafs vs 1 for Anaheim Ducks.
Shots for this period are 11 for Toronto Maple Leafs vs 8 for Anaheim Ducks.

3rd period


0:01 of 3rd period - Sam Bennett wins face-off versus Mark Scheifele in neutral zone.
0:10 of 3rd period - Slapshot by Joshua Morrissey.
0:10 of 3rd period - Stopped by Frederik Andersen with a rebound.
0:12 of 3rd period - Slapshot by Brayden Schenn.
0:12 of 3rd period - Stopped by Frederik Andersen without a rebound.
0:13 of 3rd period - Mark Scheifele wins face-off versus Sam Bennett in Toronto Maple Leafs zone.
0:20 of 3rd period - Snap shot by Warren Foegele.
0:20 of 3rd period - Deflect By Troy Terry.
0:20 of 3rd period - Stopped by James Reimer with a rebound.
0:22 of 3rd period - Slapshot by Cody Ceci.
0:22 of 3rd period - Stopped by James Reimer with a rebound.
0:24 of 3rd period - Wrist shot by Warren Foegele.
0:24 of 3rd period - Stopped by James Reimer with a rebound.
0:26 of 3rd period - Slapshot by Aaron Ekblad.
0:26 of 3rd period - Shot Misses the Net.
0:28 of 3rd period - Wrist shot by Troy Terry.
0:28 of 3rd period - Goal by Troy Terry - Toronto Maple Leafs : 4 - Anaheim Ducks : 3.
0:29 of 3rd period - Brayden Schenn wins face-off versus Sam Bennett in neutral zone.
1:57 of 3rd period - Slapshot by Nicolas Roy.
1:57 of 3rd period - Shot Misses the Net.
1:59 of 3rd period - Snap shot by Cody Ceci.
1:59 of 3rd period - Stopped by James Reimer with a rebound.
2:01 of 3rd period - Slapshot by Brandon Saad.
2:01 of 3rd period - Stopped by James Reimer with a rebound.
2:03 of 3rd period - Slapshot by Aaron Ekblad.
2:03 of 3rd period - Shot Blocked by Mark Scheifele.
2:05 of 3rd period - Wrist shot by Nicolas Roy.
2:05 of 3rd period - Shot Blocked by Mason Marchment.
2:07 of 3rd period - Slapshot by Nicolas Roy.
2:07 of 3rd period - Goal by Nicolas Roy - Toronto Maple Leafs : 5 - Anaheim Ducks : 3.
2:08 of 3rd period - John Tavares wins face-off versus Wyatt Johnston in neutral zone.
3:05 of 3rd period - Snap shot by Joshua Morrissey.
3:05 of 3rd period - Stopped by Frederik Andersen with a rebound.
3:32 of 3rd period - Wrist shot by Chandler Stephenson.
3:32 of 3rd period - Stopped by Frederik Andersen with a rebound.
3:34 of 3rd period - Snap shot by Alex Killorn.
3:34 of 3rd period - Stopped by Frederik Andersen without a rebound.
3:35 of 3rd period - Sam Bennett wins face-off versus Chandler Stephenson in Toronto Maple Leafs zone.
3:59 of 3rd period - Alex Killorn is hit by Warren Foegele and loses puck.
4:55 of 3rd period - Slapshot by Aaron Ekblad.
4:55 of 3rd period - Shot Misses the Net.
4:57 of 3rd period - Slapshot by Aaron Ekblad.
4:57 of 3rd period - Deflect By Chandler Stephenson.
4:57 of 3rd period - Stopped by James Reimer with a rebound.
4:59 of 3rd period - Wrist shot by Sam Bennett.
4:59 of 3rd period - Shot Misses the Net.
5:01 of 3rd period - Snap shot by Sam Bennett.
5:01 of 3rd period - Stopped by James Reimer with a rebound.
5:03 of 3rd period - Snap shot by Sam Bennett.
5:03 of 3rd period - Shot Misses the Net.
5:05 of 3rd period - Slapshot by Aaron Ekblad.
5:05 of 3rd period - Shot Misses the Net.
5:07 of 3rd period - Slapshot by Cody Ceci.
5:07 of 3rd period - Stopped by James Reimer with a rebound.
5:23 of 3rd period - Slapshot by Sam Bennett.
5:23 of 3rd period - Shot Misses the Net.
5:25 of 3rd period - Wrist shot by Sam Bennett.
5:25 of 3rd period - Stopped by James Reimer with a rebound.
5:27 of 3rd period - Snap shot by Warren Foegele.
5:27 of 3rd period - Shot Misses the Net.
5:29 of 3rd period - Snap shot by Warren Foegele.
5:29 of 3rd period - Deflect By Troy Terry.
5:29 of 3rd period - Stopped by James Reimer without a rebound.
5:30 of 3rd period - Wyatt Johnston wins face-off versus John Tavares in Anaheim Ducks zone.
5:57 of 3rd period - Mark Scheifele is hit by Mario Ferraro and loses puck.
6:24 of 3rd period - Slapshot by Joshua Morrissey.
6:24 of 3rd period - Stopped by Frederik Andersen with a rebound.
6:31 of 3rd period - Icing by Mackie Samoskevich.
6:32 of 3rd period - Nazem Kadri wins face-off versus Nick Bjugstad in Toronto Maple Leafs zone.
6:43 of 3rd period - Sam Malinski is hit by Kevin Bahl and loses puck.
7:38 of 3rd period - Slapshot by William Nylander.
7:38 of 3rd period - Stopped by Frederik Andersen with a rebound.
8:42 of 3rd period - Off-side.
8:43 of 3rd period - J.T. Compher wins face-off versus Nick Bjugstad in neutral zone.
8:56 of 3rd period - Wrist shot by Parker Kelly.
8:56 of 3rd period - Stopped by Frederik Andersen without a rebound.
8:57 of 3rd period - Wyatt Johnston wins face-off versus John Tavares in Toronto Maple Leafs zone.
8:57 of 3rd period - Wyatt Johnston is hit by Kevin Bahl.
10:03 of 3rd period - Aaron Ekblad is hit by Parker Kelly and loses puck.
10:08 of 3rd period - Wrist shot by J.T. Compher.
10:08 of 3rd period - Stopped by Frederik Andersen without a rebound.
10:09 of 3rd period - John Tavares wins face-off versus Wyatt Johnston in Toronto Maple Leafs zone.
10:53 of 3rd period - Snap shot by Will Cuylle.
10:53 of 3rd period - Shot Misses the Net.
11:22 of 3rd period - Slapshot by Mario Ferraro.
11:22 of 3rd period - Shot Blocked by Brenden Dillon.
12:37 of 3rd period - Chandler Stephenson is hit by Nicolas Roy and loses puck.
12:54 of 3rd period - Wrist shot by Mackie Samoskevich.
12:54 of 3rd period - Deflect By Andrew Mangiapane.
12:54 of 3rd period - Shot Blocked by Ivan Provorov.
12:54 of 3rd period - Puck is out of play.
12:55 of 3rd period - Nick Bjugstad wins face-off versus William Nylander in Anaheim Ducks zone.
13:10 of 3rd period - Wrist shot by Mackie Samoskevich.
13:10 of 3rd period - Shot Misses the Net.
13:12 of 3rd period - Slapshot by Cody Ceci.
13:12 of 3rd period - Shot Blocked by Ivan Provorov.
13:14 of 3rd period - Slapshot by Aaron Ekblad.
13:14 of 3rd period - Stopped by James Reimer with a rebound.
13:16 of 3rd period - Slapshot by Aaron Ekblad.
13:16 of 3rd period - Stopped by James Reimer with a rebound.
13:18 of 3rd period - Wrist shot by Mackie Samoskevich.
13:18 of 3rd period - Stopped by James Reimer with a rebound.
13:20 of 3rd period - Slapshot by Ryan Pulock.
13:20 of 3rd period - Deflect By Andrew Mangiapane.
13:20 of 3rd period - Shot Blocked by William Nylander.
13:20 of 3rd period - Puck is out of play.
13:21 of 3rd period - Wyatt Johnston wins face-off versus Mark Scheifele in Anaheim Ducks zone.
13:30 of 3rd period - Snap shot by Mason Marchment.
13:30 of 3rd period - Shot Blocked by Wyatt Johnston.
13:32 of 3rd period - Snap shot by Mark Scheifele.
13:32 of 3rd period - Stopped by Frederik Andersen with a rebound.
13:34 of 3rd period - Slapshot by Mason Marchment.
13:34 of 3rd period - Shot Blocked by Wyatt Johnston.
13:36 of 3rd period - Wrist shot by Mason Marchment.
13:36 of 3rd period - Stopped by Frederik Andersen without a rebound.
13:37 of 3rd period - John Tavares wins face-off versus Sam Bennett in Toronto Maple Leafs zone.
13:56 of 3rd period - John Tavares is hit by Sam Bennett and loses puck.
14:10 of 3rd period - Off-side.
14:11 of 3rd period - Wyatt Johnston wins face-off versus Mark Scheifele in neutral zone.
14:13 of 3rd period - Off-side.
14:14 of 3rd period - Wyatt Johnston wins face-off versus Mark Scheifele in neutral zone.
14:31 of 3rd period - Mark Scheifele is hit by Wyatt Johnston and loses puck.
14:46 of 3rd period - Wrist shot by Brandon Saad.
14:46 of 3rd period - Shot Misses the Net.
14:48 of 3rd period - Slapshot by Mario Ferraro.
14:48 of 3rd period - Stopped by James Reimer with a rebound.
14:50 of 3rd period - Slapshot by Ryan Pulock.
14:50 of 3rd period - Stopped by James Reimer without a rebound.
14:51 of 3rd period - John Tavares wins face-off versus Sam Bennett in Anaheim Ducks zone.
15:06 of 3rd period - Slapshot by William Nylander.
15:06 of 3rd period - Shot Blocked by Aaron Ekblad.
15:28 of 3rd period - Snap shot by Alex Killorn.
15:28 of 3rd period - Shot Misses the Net.
15:30 of 3rd period - Snap shot by Alex Killorn.
15:30 of 3rd period - Stopped by Frederik Andersen with a rebound.
16:02 of 3rd period - Joshua Morrissey is hit by Mario Ferraro and loses puck.
16:53 of 3rd period - Wrist shot by Scott Laughton.
16:53 of 3rd period - Stopped by James Reimer without a rebound.
16:54 of 3rd period - Chandler Stephenson wins face-off versus Scott Laughton in Anaheim Ducks zone.
17:19 of 3rd period - Mason Marchment is hit by Wyatt Johnston and loses puck.
17:40 of 3rd period - Wrist shot by Mackie Samoskevich.
17:40 of 3rd period - Stopped by James Reimer without a rebound.
17:41 of 3rd period - John Tavares wins face-off versus Nick Bjugstad in Anaheim Ducks zone.
18:39 of 3rd period - Wrist shot by Nicolas Roy.
18:39 of 3rd period - Shot Blocked by Esa Lindell.
18:53 of 3rd period - Snap shot by Chandler Stephenson.
18:53 of 3rd period - Stopped by Frederik Andersen with a rebound.
Goals for this period are 2 for Toronto Maple Leafs vs 0 for Anaheim Ducks.
Shots for this period are 19 for Toronto Maple Leafs vs 13 for Anaheim Ducks.